| TOP OF THE 1ST |
|
Lehigh Valley IronPigs batting - Pitching for Louisville Bats : LHP Eddie Grape
|
|
Pitching: LHP Eddie Grape
|
|
|
Batting: RHB Luis Arce
|
0-0: Ball 1-0: Swinging Strike 1-1: Foul Ball, location: 2F 1-2: Ball 2-2: Strikes out swinging
|
|
Batting: SHB Benjamin Brown
|
0-0: Called Strike 0-1: Called Strike 0-2: Ball 1-2: Foul Ball, location: 2F 1-2: SOLO HOME RUN (Flyball, 7LD, EV 93.8 MPH), Distance : 344 ft
|
|
Batting: LHB Danny Hill
|
0-0: Fly out, F3 (Line Drive, 34, EV 66.2 MPH)
|
|
Batting: RHB Chris Pounds
|
0-0: Ball 1-0: Ball 2-0: Swinging Strike 2-1: Ball 3-1: Base on Balls
|
|
Batting: SHB Phuck II
|
0-0: Foul Ball, location: 2F 0-1: Ball 1-1: Foul Ball, location: 2F 1-2: Fly out, F7 (Flyball, 7, EV 90.6 MPH)
|
| Top of the 1st over - 1 run, 1 hit, 0 errors, 1 left on base; Lehigh Valley 1 - Louisville 0 |
| BOTTOM OF THE 1ST |
|
Louisville Bats batting - Pitching for Lehigh Valley IronPigs : RHP Ken Tetzlaff
|
|
Pitching: RHP Ken Tetzlaff
|
|
|
Batting: RHB Solange Le Coq
|
0-0: Ball 1-0: Called Strike 1-1: Ball 2-1: SINGLE (Groundball, 56, EV 98.1 MPH) (infield hit)
|
|
Batting: SHB Paul Sandoval
|
0-0: Ball 1-0: Foul Ball, location: 2F 1-1: SINGLE (Groundball, 23, EV 65.0 MPH) (infield hit) Solange Le Coq to second
|
|
Batting: RHB Chase Briney
|
0-0: Swinging Strike 0-1: SINGLE (Line Drive, 6D, EV 99.4 MPH) Solange Le Coq to third Paul Sandoval to second
|
|
Batting: SHB Freddie Farrar
|
0-0: Called Strike 0-1: Fly out, F8 (Flyball, 8LD, EV 81.9 MPH) Runner from 3rd tags up, SCORES, no throw by CF
|
|
Batting: LHB Curt Johnson
|
0-0: SINGLE (Groundball, 3D, EV 108.1 MPH) Paul Sandoval to third Chase Briney to second Runner from 3rd tries for Home, SAFE, throw by RF to home
|
|
Batting: RHB Chris Zamora
|
0-0: Foul Ball, location: 2F 0-1: Called Strike 0-2: Ball 1-2: Foul Ball, location: 2F 1-2: Foul Ball, location: 3F, Error on foul ball, E3 1-2: Ball 2-2: Ball 3-2: Fly out, F8 (Flyball, 8RD, EV 96.9 MPH)
|
|
Batting: RHB Colin Lord
|
0-0: Ball 1-0: Ball 2-0: 3-RUN HOME RUN (Flyball, 9D, EV 92.5 MPH), Distance : 362 ft
|
|
Batting: RHB Ryan Short
|
0-0: SINGLE (Groundball, 4D, EV 104.4 MPH)
|
|
Batting: RHB Jung-keun Bai
|
0-0: Swinging Strike 0-1: Foul Ball, location: 2F 0-2: Strikes out swinging
|
| Bottom of the 1st over - 5 runs, 6 hits, 1 error, 1 left on base; Lehigh Valley 1 - Louisville 5 |
| TOP OF THE 2ND |
|
Lehigh Valley IronPigs batting - Pitching for Louisville Bats : LHP Eddie Grape
|
|
Batting: SHB Bob Dixon
|
0-0: Called Strike 0-1: Ground out 4-3 (Groundball, 4, EV 88.1 MPH)
|
|
Batting: RHB Kyle Reilly
|
0-0: Ball 1-0: Foul Ball, location: 2F 1-1: Called Strike 1-2: Strikes out swinging
|
|
Batting: RHB Bill Moldenhauer
|
0-0: Called Strike 0-1: Ball 1-1: Called Strike 1-2: Ball 2-2: Strikes out swinging
|
| Top of the 2nd over - 0 runs, 0 hits, 0 errors, 0 left on base; Lehigh Valley 1 - Louisville 5 |
| BOTTOM OF THE 2ND |
|
Louisville Bats batting - Pitching for Lehigh Valley IronPigs : RHP Ken Tetzlaff
|
|
Batting: RHB Solange Le Coq
|
0-0: Ball 1-0: Called Strike 1-1: Ball 2-1: Called Strike 2-2: Foul Ball, location: 2F 2-2: Ball 3-2: Ground out 6-3 (Groundball, 6, EV 87.5 MPH)
|
|
Batting: SHB Paul Sandoval
|
0-0: Ball 1-0: Ball 2-0: Called Strike 2-1: Ball 3-1: Called Strike 3-2: Base on Balls
|
|
Batting: RHB Chase Briney
|
0-0: Ball Paul Sandoval steals 2nd base (no throw) 1-0: Called Strike 1-1: Ball 2-1: Foul Ball, location: 2F 2-2: Hit by Pitch
|
|
Pitching: RHP David LaBounty
|
|
|
Batting: SHB Freddie Farrar
|
0-0: Swinging Strike 0-1: Swinging Strike 0-2: Ball 1-2: Ball 2-2: Strikes out swinging
|
|
Batting: LHB Curt Johnson
|
0-0: Ball 1-0: Ball 2-0: SINGLE (Line Drive, 9S, EV 96.9 MPH) Paul Sandoval to third Chase Briney to second
|
|
Batting: RHB Chris Zamora
|
0-0: Fielders Choice at 2nd, 6-4 (Groundball, 6, EV 86.9 MPH)
|
| Bottom of the 2nd over - 0 runs, 1 hit, 0 errors, 3 left on base; Lehigh Valley 1 - Louisville 5 |
| TOP OF THE 3RD |
|
Lehigh Valley IronPigs batting - Pitching for Louisville Bats : LHP Eddie Grape
|
|
Batting: RHB Jake Cox
|
0-0: Foul Ball, location: 2F 0-1: Ball 1-1: Foul Ball, location: 2F 1-2: Ball 2-2: Strikes out swinging
|
|
Batting: RHB Luis Arce
|
0-0: Ball 1-0: Foul Ball, location: 2F 1-1: Ball 2-1: Fly out, F8 (Line Drive, 8RM, EV 86.9 MPH)
|
|
Batting: SHB Benjamin Brown
|
0-0: Reached on error, E1 (Groundball, 13S, EV 68.8 MPH)
|
|
Batting: LHB Danny Hill
|
0-0: Hit by Pitch
|
|
Batting: RHB Chris Pounds
|
0-0: Ball 1-0: Ball 2-0: Reached via error on a dropped throw from 1B, E1 (Groundball, 34S, EV 87.5 MPH) Benjamin Brown to third Danny Hill to second
|
|
Batting: SHB Phuck II
|
0-0: SINGLE (Flyball, 89S, EV 94.4 MPH) Benjamin Brown scores Danny Hill to third Chris Pounds to second Runner from 3rd tries for Home, SAFE, throw by RF to home
|
|
Batting: SHB Bob Dixon
|
0-0: Called Strike 0-1: Ball 1-1: SINGLE (Groundball, 6D, EV 96.2 MPH) Chris Pounds to third Phuck II to second Runner from 3rd tries for Home, SAFE, throw by CF to home
|
|
Batting: RHB Kyle Reilly
|
0-0: Ball 1-0: Ball 2-0: Ball 3-0: Called Strike 3-1: Base on Balls Phuck II to third Bob Dixon to second
|
|
Batting: RHB Bill Moldenhauer
|
0-0: Ball 1-0: Ball 2-0: Called Strike 2-1: Foul Ball, location: 2F 2-2: Foul Ball, location: 2F 2-2: Ball 3-2: Fly out, F7 (Flyball, 7S, EV 82.5 MPH)
|
| Top of the 3rd over - 3 runs, 2 hits, 2 errors, 3 left on base; Lehigh Valley 4 - Louisville 5 |
| BOTTOM OF THE 3RD |
|
Louisville Bats batting - Pitching for Lehigh Valley IronPigs : RHP David LaBounty
|
|
Batting: RHB Colin Lord
|
0-0: Called Strike 0-1: Swinging Strike 0-2: Ball 1-2: Strikes out swinging
|
|
Batting: RHB Ryan Short
|
0-0: Called Strike 0-1: Swinging Strike 0-2: Ball 1-2: Ball 2-2: Ball 3-2: Strikes out swinging
|
|
Batting: RHB Jung-keun Bai
|
0-0: Ball 1-0: Ball 2-0: Called Strike 2-1: Ball 3-1: Called Strike 3-2: Base on Balls
|
|
Batting: RHB Solange Le Coq
|
0-0: Foul Ball, location: 2F 0-1: Called Strike 0-2: Strikes out swinging
|
| Bottom of the 3rd over - 0 runs, 0 hits, 0 errors, 1 left on base; Lehigh Valley 4 - Louisville 5 |
| TOP OF THE 4TH |
|
Lehigh Valley IronPigs batting - Pitching for Louisville Bats : LHP Eddie Grape
|
|
Batting: RHB Jake Cox
|
0-0: Ball 1-0: Foul Ball, location: 2F 1-1: Ball 2-1: Foul Ball, location: 2F 2-2: Fly out, F7 (Flyball, 7LM, EV 90.6 MPH)
|
|
Batting: RHB Luis Arce
|
0-0: Ball 1-0: Foul Ball, location: 2F 1-1: Ball 2-1: Ball 3-1: Base on Balls
|
|
Batting: SHB Benjamin Brown
|
0-0: Ball 1-0: Called Strike 1-1: Swinging Strike 1-2: Foul Ball, location: 2F 1-2: Strikes out swinging
|
|
Batting: LHB Danny Hill
|
0-0: Ball Luis Arce is caught stealing 2nd base 2-6
|
| Top of the 4th over - 0 runs, 0 hits, 0 errors, 0 left on base; Lehigh Valley 4 - Louisville 5 |
| BOTTOM OF THE 4TH |
|
Louisville Bats batting - Pitching for Lehigh Valley IronPigs : RHP David LaBounty
|
|
Batting: SHB Paul Sandoval
|
0-0: Called Strike 0-1: Foul Ball, location: 2F 0-2: Ground out U3 (Groundball, 3, EV 88.1 MPH)
|
|
Batting: RHB Chase Briney
|
0-0: Ball 1-0: Called Strike 1-1: Ball 2-1: Ball 3-1: Base on Balls
|
|
Batting: SHB Freddie Farrar
|
0-0: Grounds into double play, 4-6-3 (Groundball, 4, EV 100.6 MPH)
|
| Bottom of the 4th over - 0 runs, 0 hits, 0 errors, 0 left on base; Lehigh Valley 4 - Louisville 5 |
| TOP OF THE 5TH |
|
Lehigh Valley IronPigs batting - Pitching for Louisville Bats : LHP Eddie Grape
|
|
Batting: LHB Danny Hill
|
0-0: Called Strike 0-1: Foul Ball, location: 2F 0-2: Foul Ball, location: 2F 0-2: Ball 1-2: Foul Ball, location: 2F 1-2: SINGLE (Groundball, 56D, EV 108.1 MPH)
|
|
Batting: RHB Chris Pounds
|
0-0: Called Strike 0-1: Ball 1-1: Ball 2-1: Foul Ball, location: 2F 2-2: Strikes out looking
|
|
Batting: SHB Phuck II
|
0-0: Called Strike 0-1: Called Strike 0-2: Ball 1-2: Ball 2-2: Foul Ball, location: 2F 2-2: Foul Ball, location: 2F 2-2: Ball 3-2: Fly out, F6 (Line Drive, 6, EV 68.8 MPH) Lined into DP, 6-3 (Line Drive, 6, EV 61.9 MPH)
|
| Top of the 5th over - 0 runs, 1 hit, 0 errors, 0 left on base; Lehigh Valley 4 - Louisville 5 |
| BOTTOM OF THE 5TH |
|
Louisville Bats batting - Pitching for Lehigh Valley IronPigs : RHP David LaBounty
|
|
Batting: LHB Curt Johnson
|
0-0: Foul Ball, location: 2F 0-1: Foul Ball, location: 2F 0-2: SINGLE (Groundball, 56D, EV 97.5 MPH)
|
|
Batting: RHB Chris Zamora
|
0-0: Called Strike 0-1: Called Strike 0-2: Ball 1-2: Strikes out looking
|
|
Batting: RHB Colin Lord
|
0-0: Called Strike 0-1: Ball 1-1: Called Strike 1-2: Ball 2-2: Strikes out swinging
|
|
Pitching: LHP Isaias Felix
|
|
|
Batting: RHB Ryan Short
|
0-0: Called Strike 0-1: SINGLE (Line Drive, 9LS, EV 95.6 MPH) Curt Johnson to second Runner from 2nd tries for 3rd, SAFE, throw by RF made to third
|
|
Batting: RHB Jung-keun Bai
|
0-0: Fielders Choice at 2nd, 6-4 (Groundball, 6, EV 106.9 MPH)
|
| Bottom of the 5th over - 0 runs, 2 hits, 0 errors, 2 left on base; Lehigh Valley 4 - Louisville 5 |
| TOP OF THE 6TH |
|
Lehigh Valley IronPigs batting - Pitching for Louisville Bats : LHP Eddie Grape
|
|
Pitching: RHP Tim Beck
|
|
|
Batting: SHB Bob Dixon
|
0-0: Called Strike 0-1: Ball 1-1: Ball 2-1: Ball 3-1: Ground out 4-3 (Groundball, 4, EV 91.2 MPH)
|
|
Batting: RHB Kyle Reilly
|
0-0: Called Strike 0-1: Ball 1-1: Ball 2-1: Swinging Strike 2-2: Foul Ball, location: 2F 2-2: Ball 3-2: Strikes out swinging
|
|
Batting: RHB Bill Moldenhauer
|
0-0: Called Strike 0-1: Swinging Strike 0-2: Foul Ball, location: 2F 0-2: Ball 1-2: Foul Ball, location: 2F 1-2: Ball 2-2: Fly out, F4 (Popup, 34S, EV 74.4 MPH)
|
| Top of the 6th over - 0 runs, 0 hits, 0 errors, 0 left on base; Lehigh Valley 4 - Louisville 5 |
| BOTTOM OF THE 6TH |
|
Louisville Bats batting - Pitching for Lehigh Valley IronPigs : LHP Isaias Felix
|
|
Batting: RHB Solange Le Coq
|
0-0: Ball 1-0: Foul Ball, location: 2F 1-1: SINGLE (Groundball, 5S, EV 69.4 MPH) (infield hit)
|
|
Batting: SHB Paul Sandoval
|
0-0: Called Strike 0-1: SINGLE (Groundball, 56, EV 98.1 MPH) Solange Le Coq to second
|
|
Batting: RHB Chase Briney
|
0-0: Called Strike 0-1: Grounds into double play, U5-3 (Groundball, 5L, EV 82.5 MPH) Paul Sandoval to second
|
|
Batting: SHB Freddie Farrar
|
0-0: Ground out 5-3 (Groundball, 5, EV 85.0 MPH)
|
| Bottom of the 6th over - 0 runs, 2 hits, 0 errors, 1 left on base; Lehigh Valley 4 - Louisville 5 |
| TOP OF THE 7TH |
|
Lehigh Valley IronPigs batting - Pitching for Louisville Bats : RHP Tim Beck
|
|
Pitching: LHP Zach Masengill
|
|
|
Batting: RHB Jake Cox
|
0-0: Swinging Strike 0-1: Swinging Strike 0-2: Strikes out looking
|
|
Batting: RHB Luis Arce
|
0-0: Ball 1-0: Called Strike 1-1: Ball 2-1: Foul Ball, location: 2F 2-2: Foul Ball, location: 2F 2-2: Ball 3-2: Foul Ball, location: 2F 3-2: Base on Balls
|
|
Batting: SHB Benjamin Brown
|
0-0: Fly out, F9 (Line Drive, 89M, EV 101.9 MPH)
|
|
Batting: LHB Danny Hill
|
0-0: Ball 1-0: Called Strike 1-1: Ball Wild Pitch! Luis Arce to second 2-1: Foul Ball, location: 2F 2-2: Ground out 4-3 (Groundball, 4, EV 90.0 MPH)
|
| Top of the 7th over - 0 runs, 0 hits, 0 errors, 1 left on base; Lehigh Valley 4 - Louisville 5 |
| BOTTOM OF THE 7TH |
|
Louisville Bats batting - Pitching for Lehigh Valley IronPigs : LHP Isaias Felix
|
|
Batting: LHB Curt Johnson
|
0-0: Ground out 6-3 (Groundball, 6, EV 81.9 MPH)
|
|
Batting: RHB Chris Zamora
|
0-0: Called Strike 0-1: Ground out 5-3 (Groundball, 56, EV 81.2 MPH)
|
|
Batting: RHB Colin Lord
|
0-0: Ball 1-0: Ball 2-0: Called Strike 2-1: Ball 3-1: Ground out 4-3 (Groundball, 4, EV 91.2 MPH)
|
| Bottom of the 7th over - 0 runs, 0 hits, 0 errors, 0 left on base; Lehigh Valley 4 - Louisville 5 |
| TOP OF THE 8TH |
|
Lehigh Valley IronPigs batting - Pitching for Louisville Bats : LHP Zach Masengill
|
|
Batting: RHB Chris Pounds
|
0-0: Ball 1-0: Ball 2-0: Ball 3-0: Foul Ball, location: 2F 3-1: Foul Ball, location: 2F 3-2: Foul Ball, location: 2F 3-2: SINGLE (Groundball, 4M, EV 96.9 MPH)
|
|
Batting: SHB Phuck II
|
0-0: Ball 1-0: Ball 2-0: Foul Ball, location: 2F 2-1: Swinging Strike 2-2: Foul Ball, location: 2F 2-2: Strikes out swinging
|
|
Batting: SHB Bob Dixon
|
0-0: Ball 1-0: DOUBLE (Flyball, 8RXD, EV 95.0 MPH) Chris Pounds to third Runner from 3rd tries for Home, SAFE, throw by CF to trailing runner, OUT at third! 8-3-5
|
|
Batting: RHB Kyle Reilly
|
0-0: Fly out, F7 (Flyball, 78S, EV 76.2 MPH)
|
| Top of the 8th over - 1 run, 2 hits, 0 errors, 0 left on base; Lehigh Valley 5 - Louisville 5 |
| BOTTOM OF THE 8TH |
|
Louisville Bats batting - Pitching for Lehigh Valley IronPigs : LHP Isaias Felix
|
|
Batting: RHB Ryan Short
|
0-0: Foul Ball, location: 2F 0-1: Swinging Strike 0-2: Ball 1-2: Foul Ball, location: 2F 1-2: Ground out U3 (Groundball, 34, EV 95.0 MPH)
|
|
Batting: RHB Jung-keun Bai
|
0-0: Called Strike 0-1: Ground out 5-3 (Groundball, 56, EV 105.0 MPH)
|
|
Batting: RHB Solange Le Coq
|
0-0: Called Strike 0-1: Ball 1-1: Foul Ball, location: 2F 1-2: DOUBLE (Line Drive, 78D, EV 106.9 MPH)
|
|
Batting: SHB Paul Sandoval
|
0-0: Ball 1-0: Ball 2-0: Ball 3-0: Base on Balls
|
|
Batting: RHB Chase Briney
|
0-0: Ball 1-0: Called Strike 1-1: Foul Ball, location: 2F 1-2: Strikes out swinging
|
| Bottom of the 8th over - 0 runs, 1 hit, 0 errors, 2 left on base; Lehigh Valley 5 - Louisville 5 |
| TOP OF THE 9TH |
|
Lehigh Valley IronPigs batting - Pitching for Louisville Bats : LHP Zach Masengill
|
|
Pitching: LHP Jose Estrada
|
|
|
Batting: RHB Bill Moldenhauer
|
0-0: Ball 1-0: Foul Ball, location: 2F 1-1: Fly out, F9 (Flyball, 89S, EV 81.9 MPH)
|
|
Batting: RHB Jake Cox
|
0-0: Ball 1-0: Ground out 2-3 (Groundball, 15S, EV 70.0 MPH)
|
|
Batting: RHB Luis Arce
|
0-0: Called Strike 0-1: SINGLE (Groundball, 6MS, EV 70.0 MPH) (infield hit)
|
|
Batting: SHB Benjamin Brown
|
0-0: Ball Luis Arce is caught stealing 2nd base 2-4
|
| Top of the 9th over - 0 runs, 1 hit, 0 errors, 0 left on base; Lehigh Valley 5 - Louisville 5 |
| BOTTOM OF THE 9TH |
|
Louisville Bats batting - Pitching for Lehigh Valley IronPigs : LHP Isaias Felix
|
|
Pitching: RHP Jeremy Mitchem
|
|
|
Batting: SHB Freddie Farrar
|
0-0: Ball 1-0: Fly out, F7 (Line Drive, 78M, EV 86.9 MPH)
|
|
Batting: LHB Curt Johnson
|
0-0: Ball 1-0: Foul Ball, location: 2F 1-1: Called Strike 1-2: Foul Ball, location: 2F 1-2: Ball 2-2: Ball 3-2: Strikes out swinging
|
|
Pinch Hitting: LHB Satoru Handa
|
0-0: Ball 1-0: Fly out, F6 (Popup, 6S, EV 71.2 MPH)
|
| Bottom of the 9th over - 0 runs, 0 hits, 0 errors, 0 left on base; Lehigh Valley 5 - Louisville 5 |
| TOP OF THE 10TH |
|
Lehigh Valley IronPigs batting - Pitching for Louisville Bats : LHP Jose Estrada
|
|
Now at 1B: Paul Sandoval
|
|
|
Now in LF: Satoru Handa
|
|
|
Now in CF: Solange Le Coq
|
|
|
Batting: SHB Benjamin Brown
|
0-0: Ball 1-0: Called Strike 1-1: Called Strike 1-2: Ball 2-2: Strikes out swinging
|
|
Pinch Hitting: RHB Raul de la Cruz
|
0-0: Called Strike 0-1: Ball 1-1: Called Strike 1-2: Ground out U3 (Groundball, 3, EV 88.1 MPH)
|
|
Batting: RHB Chris Pounds
|
0-0: Called Strike 0-1: Ball 1-1: Ground out 6-3 (Groundball, 6, EV 93.8 MPH)
|
| Top of the 10th over - 0 runs, 0 hits, 0 errors, 0 left on base; Lehigh Valley 5 - Louisville 5 |
| BOTTOM OF THE 10TH |
|
Louisville Bats batting - Pitching for Lehigh Valley IronPigs : RHP Jeremy Mitchem
|
|
Now in CF: Jose Carlos
|
|
|
Batting: RHB Colin Lord
|
0-0: Ball 1-0: Swinging Strike 1-1: Foul Ball, location: 2F 1-2: Ground out 3-1 (Groundball, 34, EV 105.0 MPH)
|
|
Pitching: RHP Andy Burchfield
|
|
|
Batting: RHB Ryan Short
|
0-0: Called Strike 0-1: Ball 1-1: Ground out 6-3 (Groundball, 6, EV 89.4 MPH)
|
|
Pinch Hitting: LHB Manny Ruvalcaba
|
0-0: Ball 1-0: Called Strike 1-1: Ball 2-1: SINGLE (Line Drive, 34D, EV 96.9 MPH)
|
|
Batting: RHB Solange Le Coq
|
0-0: Foul Ball, location: 2F 0-1: Swinging Strike 0-2: Fielders Choice at 2nd, 6-4 (Groundball, 6, EV 97.5 MPH)
|
| Bottom of the 10th over - 0 runs, 1 hit, 0 errors, 1 left on base; Lehigh Valley 5 - Louisville 5 |
| TOP OF THE 11TH |
|
Lehigh Valley IronPigs batting - Pitching for Louisville Bats : LHP Jose Estrada
|
|
Now at C: Steve Anderson
|
|
|
Batting: SHB Phuck II
|
0-0: Ball 1-0: Ball 2-0: Ground out 6-3 (Groundball, 6, EV 83.8 MPH)
|
|
Batting: SHB Bob Dixon
|
0-0: Ball 1-0: Ball 2-0: Ball 3-0: Called Strike 3-1: Ground out 6-3 (Groundball, 6, EV 92.5 MPH)
|
|
Batting: RHB Kyle Reilly
|
0-0: Called Strike 0-1: Called Strike 0-2: Ball 1-2: Ground out 6-3 (Groundball, 6, EV 80.6 MPH)
|
| Top of the 11th over - 0 runs, 0 hits, 0 errors, 0 left on base; Lehigh Valley 5 - Louisville 5 |
| BOTTOM OF THE 11TH |
|
Louisville Bats batting - Pitching for Lehigh Valley IronPigs : RHP Andy Burchfield
|
|
Batting: SHB Paul Sandoval
|
0-0: Called Strike 0-1: Ball 1-1: Ball 2-1: Ball 3-1: Base on Balls
|
|
Batting: RHB Chase Briney
|
0-0: Called Strike 0-1: Fly out, F4 (Popup, 4, EV 56.9 MPH)
|
|
Batting: SHB Freddie Farrar
|
0-0: Ball 1-0: Called Strike 1-1: Foul Ball, location: 2F 1-2: Foul Ball, location: 2F 1-2: Strikes out swinging
|
|
Batting: LHB Curt Johnson
|
0-0: Foul Ball, location: 2F 0-1: Ball 1-1: Foul Ball, location: 2F 1-2: Ball 2-2: Ground out 6-3 (Groundball, 6M, EV 81.9 MPH)
|
| Bottom of the 11th over - 0 runs, 0 hits, 0 errors, 1 left on base; Lehigh Valley 5 - Louisville 5 |
| TOP OF THE 12TH |
|
Lehigh Valley IronPigs batting - Pitching for Louisville Bats : LHP Jose Estrada
|
|
Pitching: LHP Logan Moultry
|
|
|
Batting: RHB Bill Moldenhauer
|
0-0: Called Strike 0-1: Ball 1-1: Called Strike 1-2: Strikes out looking
|
|
Batting: RHB Jake Cox
|
0-0: Called Strike 0-1: Ball 1-1: Ball 2-1: SINGLE (Flyball, 8RS, EV 88.8 MPH)
|
|
Batting: RHB Luis Arce
|
0-0: 2-RUN HOME RUN (Flyball, 78XD, EV 101.9 MPH), Distance : 394 ft
|
|
Batting: SHB Benjamin Brown
|
0-0: Ball 1-0: Called Strike 1-1: Ball 2-1: SINGLE (Line Drive, 4D, EV 108.1 MPH)
|
|
Batting: LHB Jose Carlos
|
0-0: Ball 1-0: Foul Ball, location: 2F 1-1: Ball 2-1: Grounds into double play, 4-6-3 (Groundball, 4, EV 79.4 MPH)
|
| Top of the 12th over - 2 runs, 3 hits, 0 errors, 0 left on base; Lehigh Valley 7 - Louisville 5 |
| BOTTOM OF THE 12TH |
|
Louisville Bats batting - Pitching for Lehigh Valley IronPigs : RHP Andy Burchfield
|
|
Now at 1B: Kyle Reilly
|
|
|
Now in LF: Moritake Fukumoto
|
|
|
Batting: LHB Satoru Handa
|
0-0: Called Strike 0-1: Swinging Strike 0-2: Ball 1-2: Strikes out swinging
|
|
Pinch Hitting: LHB Jake Bill
|
0-0: Called Strike 0-1: Ball 1-1: Ball 2-1: Foul Ball, location: 2F 2-2: Ball 3-2: SINGLE (Groundball, 34D, EV 94.4 MPH)
|
|
Pitching: RHP Lucas McPhillie
|
|
|
Batting: RHB Ryan Short
|
0-0: Called Strike 0-1: Swinging Strike 0-2: Strikes out swinging
|
|
Batting: RHB Steve Anderson
|
0-0: Ball 1-0: Swinging Strike 1-1: DOUBLE (Flyball, 8RXD, EV 103.8 MPH) Jake Bill to third
|
|
Batting: RHB Solange Le Coq
|
0-0: Swinging Strike 0-1: Ball 1-1: Foul Ball, location: 2F 1-2: Foul Ball, location: 2F 1-2: Foul Ball, location: 2F 1-2: Ball 2-2: Ball 3-2: Base on Balls
|
|
Batting: SHB Paul Sandoval
|
0-0: Ball 1-0: Ball 2-0: Called Strike 2-1: Foul Ball, location: 2F 2-2: Strikes out swinging
|
| Bottom of the 12th over - 0 runs, 2 hits, 0 errors, 3 left on base; Lehigh Valley 7 - Louisville 5 |
|